 Dungeon Crawl Stone Soup version 0.27-a0-1196-g3e9cee4cb2 (webtiles) character file.

Game seed: 11239303676442212485

13939 freelancePsychic the Severer (level 11, 0/89 HPs)
             Began as a Palentonga Abyssal Knight on May 29, 2021.
             Was a High Priest of Lugonu.
             Shot with an arrow by Nessos (2 damage)
             ... on level 15 of the Dungeon.
             The game lasted 00:26:16 (10399 turns).

freelancePsychic the Severer (PaAK)                Turns: 10399, Time: 00:26:17

Health: 0/89       AC: 19    Str: 27    XL:     11   Next: 82%
Magic:  18/18      EV:  8    Int: 11    God:    Lugonu [*****.]
Gold:   285        SH:  5    Dex:  9    Spells: 10/10 levels left

rFire    + + .     SeeInvis +   a - +8 war axe of Dapisa Owye {vorpal, rF++ rC+++}
rCold    + + +     Faith    .   (no shield)
rNeg     . . .     Spirit   .   D - +1 scale mail {rPois}
rPois    +         Reflect  +   L - +1 helmet
rElec    .         Harm     .   (no cloak)
rCorr    .         Rampage  .   A - +2 pair of gloves of Moral Flaws {Regen+ Str+3 Int-3 Slay+5}
Will     .....                  (no barding)
Stlth    ..........             f - amulet of reflection
HPRegen  1.24/turn              q - +6 ring of strength
MPRegen  0.16/turn              (no ring)

@: about to teleport, curled up
A: large, rugged brown scales 3, see invisible, deformed body, roll 1, armoured
tail, reflexive curl
a: Rolling Charge, Renounce Religion, Depart the Abyss, Bend Space, Banish,
Corrupt, Enter the Abyss


You were on level 15 of the Dungeon.
You worshipped Lugonu.
Lugonu was extremely pleased with you.
You visited 1 branch of the dungeon, and saw 13 of its levels.
You visited the Abyss 1 time.

You collected 555 gold pieces.
You spent 270 gold pieces at shops.

Inventory:

Hand Weapons
 a - the +8 war axe of Dapisa Owye (weapon) {vorpal, rF++ rC+++}
   (You found it on level 9 of the Dungeon)

   It inflicts extra damage upon your enemies.
   It greatly protects you from fire.
   It renders you almost immune to cold.
 b - a +0 battleaxe
Missiles
 t - 33 poisoned darts
 B - 4 throwing nets
Armour
 A - the +2 pair of gloves of Moral Flaws (worn) {Regen+ Str+3 Int-3 Slay+5}
   (You found it on level 7 of the Dungeon)

   It affects your strength (+3).
   It affects your intelligence (-3).
   It affects your accuracy and damage with ranged weapons and melee attacks
   (+5).
   It increases your rate of health regeneration.
 D - a +1 scale mail of poison resistance (worn)
 L - a +1 helmet (worn)
Jewellery
 f - an amulet of reflection (around neck)
 n - a ring of positive energy
 q - a +6 ring of strength (left hand)
 w - an amulet of guardian spirit
 y - a ring of poison resistance
Wands
 j - a wand of flame (11)
 p - a wand of polymorph (10)
 r - a wand of paralysis (9)
 u - a wand of charming (15)
 C - a wand of iceblast (18)
Scrolls
 g - 2 scrolls of silence
 G - a scroll of identify {@r1}
 H - a scroll of amnesia
 J - 2 scrolls of noise
Potions
 c - a potion of haste {@q3}
 d - 12 potions of ambrosia
 i - a potion of flight {unknown}
 k - 3 potions of degeneration
 l - a potion of curing {@q1}
 m - a potion of might
 o - a potion of invisibility {unknown}
 s - 2 potions of lignification
 x - a potion of magic {unknown}
 z - 2 potions of brilliance {unknown}
 E - 2 potions of attraction {unknown}
 I - a potion of mutation {unknown}
 K - a potion of berserk rage {unknown}


   Skills:
 + Level 7.3 Fighting
 * Level 15.1 Axes
 - Level 1.5 Armour
 - Level 0.7 Dodging
 - Level 10.0 Invocations


You had 10 spell levels left.
You didn't know any spells.
Your spell library contained the following spells:

 Spells                   Type           Power      Damage    Failure   Level
 Animate Skeleton         Necr           0%         N/A       63%         1
 Apportation              Tloc           0%         N/A       63%         1
 Beastly Appendage        Tmut           0%         N/A       63%         1
 Corona                   Hex            0%         N/A       63%         1
 Foxfire                  Conj/Fire      0%         2x1d4     63%         1
 Summon Small Mammal      Summ           0%         N/A       63%         1
 Wereblood                Tmut           0%         N/A       77%         2
 Conjure Flame            Conj/Fire      0%         6-21      94%         3
 Inner Flame              Hex/Fire       0%         N/A       94%         3
 Spider Form              Tmut/Pois      0%         N/A       94%         3
 Ice Form                 Ice/Tmut       0%         N/A       100%        4
 Sticky Flame             Conj/Fire      0%         2d3       100%        4
 Fireball                 Conj/Fire      0%         3d3       100%        5
 Hydra Form               Tmut           0%         N/A       100%        5


Dungeon Overview and Level Annotations

Branches:
Dungeon (12/15)            Temple (0/1) D:4            Lair (0/6) D:11
    Orc (0/2) D:11

Altars:
Ashenzari
Dithmenos
Okawaru
Qazlal
Trog
Xom
Yredelemnul
The Shining One

Shops:
D:5 *   D:6 ?   D:8 (   D:12 [

Annotations:
D:12 3 runed translucent doors, Atlas's ghost, journeyman DsIE
D:15 Nessos


Innate Abilities, Weirdness & Mutations

You are completely covered in rugged brown scales. (AC +3, +7% HP)
You have supernaturally acute eyesight. (SInv)
Armour fits poorly on your strangely shaped body.
You can roll at nearby foes to attack.
You have a long armoured tail.
You curl defensively after being hit.


Message History

The five-headed hydra roars!
A catoblepas comes into view.
The catoblepas bellows!
The catoblepas breathes a plume of calcifying dust at you.
The blast of calcifying dust hits you but does no damage.
The catoblepas moves out of view.
A wizard comes into view. It is wielding a +0 dagger.
Found 25 gold pieces.
The wizard gestures wildly while chanting.
The wizard blinks!
As you read the scroll of teleportation {@r4}, it crumbles to dust.
You feel strangely unstable.
You block the five-headed hydra's attack.
The five-headed hydra bites you. x2
The five-headed hydra bites you but does no damage.
The five-headed hydra bites you.
The wizard gestures wildly while chanting.
The wizard blinks!
The five-headed hydra bites you. The five-headed hydra bites you!
* * * LOW HITPOINT WARNING * * *
The five-headed hydra bites you.
* * * LOW HITPOINT WARNING * * *
You block the five-headed hydra's attack.
The five-headed hydra bites you but does no damage.
Found a stone staircase leading up.
Your surroundings suddenly seem different.
Nessos the Markscentaur comes into view.
They are wearing a +0 barding of cold resistance and carrying a wand of acid (8).
Nessos shouts!
Nessos wields a +2 longbow of flaming.
It bursts into flame!
Nessos shoots an arrow.
You reflect the arrow off an invisible shield around you!
The arrow hits Nessos!
The arrow burns Nessos.
An efreet comes into view.
It is wielding a +0 scimitar of flaming.
As you read the scroll of teleportation {@r4}, it crumbles to dust.
You feel strangely unstable.
Nessos casts a spell.
Nessos seems to speed up.
Nessos shoots an arrow.
The arrow hits you!
* * * LOW HITPOINT WARNING * * *
The arrow burns you.
You die...

#.. .# .. #. .......## #
#.##.. ........# ..#....
......... .......
..c...... ...##J##
#.......# .....y.#
#.......# ## ...§Cy##
#.......#####.#
...y§§###☼R.....@..#...##
.#..§§§§○○...##.........#
#..§§§§§..............##
.yy.....§...............#
...............##.......#
y....C.........
##.....####
...............
#.........## ####
.......$.......
#..........##....
..........(###
##..##...##......


You could see Nessos (fast) and an efreet.

Vanquished Creatures
  Josephine (D:11)
  Harold (D:9)
  A two-headed ogre (D:9)
  Erica (D:9)
  Pikel (D:7)
  An orc knight (D:10)
  An ugly thing (D:12)
  A manticore (D:12)
  2 centaur zombies (D:10)
  An unseen horror (D:11)
  A komodo dragon (D:9)
  A yaktaur (D:11)
  2 trolls
  A queen bee (D:11)
  Prince Ribbit (D:8)
  A wyvern (D:9)
  5 wraiths (D:11)
  12 yaks
  A steam dragon (D:7)
  A basilisk (D:11)
  2 vampire mosquitoes (D:9)
  A warg (D:10)
  3 black bears
  4 orc warriors
  A sky beast (D:7)
  An ice beast (D:7)
  A necrophage (D:5)
  3 centaurs
  2 phantoms (D:5)
  A kobold brigand (D:9)
  2 bullfrogs
  A scorpion (D:6)
  37 killer bees
  3 wights (D:9)
  2 howler monkeys (D:11)
  2 jellies
  A gnoll shaman (D:8)
  3 hounds (D:6)
  6 orc priests
  3 bullfrog skeletons
  An iguana (D:4)
  8 orc wizards
  2 howler monkey zombies (D:7)
  5 gnolls
  4 adders
  A white imp (D:4)
  A worm (D:3)
  37 orcs
  7 endoplasms
  5 giant cockroaches
  5 goblins
  4 hobgoblins
  3 jackals
  13 kobolds
  4 quokkas
  6 ball pythons
  3 bats
  7 frilled lizards
  A rat (D:1)
233 creatures vanquished.

Vanquished Creatures (others)
  A killer bee (D:9)
1 creature vanquished.

Grand Total: 234 creatures vanquished

Notes
Turn   | Place    | Note
-------+----------+-------------------------------------------
     0 | Abyss:1  | freelancePsychic the Palentonga Abyssal Knight began the
                  | quest for the Orb.
     0 | Abyss:1  | Reached XP level 1. HP: 19/19 MP: 2/2
     4 | D:1      | Escaped the Abyss
   258 | D:1      | Reached XP level 2. HP: 23/25 MP: 3/3
   723 | D:1      | Found a faded altar of an unknown god.
   794 | D:1      | Reached ** piety under Lugonu
   819 | D:1      | Reached skill level 3 in Axes
  1133 | D:2      | Reached XP level 3. HP: 31/31 MP: 3/5
  1780 | D:2      | Reached XP level 4. HP: 37/37 MP: 6/6
  1792 | D:2      | Reached skill level 4 in Axes
  2455 | D:4      | Found an iron altar of Okawaru.
  2626 | D:4      | Reached XP level 5. HP: 43/43 MP: 7/7
  2664 | D:4      | Found a staircase to the Ecumenical Temple.
  2797 | D:4      | Found a glowing golden altar of the Shining One.
  3302 | D:5      | Entered Level 5 of the Dungeon
  3420 | D:4      | Reached *** piety under Lugonu
  3611 | D:5      | Reached skill level 5 in Axes
  3708 | D:5      | Noticed a black bear
  3866 | D:5      | Noticed a necrophage
  3879 | D:5      | Killed a necrophage
  3880 | D:5      | Reached XP level 6. HP: 49/50 MP: 9/9
  3942 | D:5      | Found a shadowy altar of Dithmenos.
  3993 | D:5      | Identified the +1 leather armour of the Tarantula {rPois}
  4132 | D:5      | Found Iasaylacs's Incredible Inventory.
  4180 | D:5      | Reached skill level 6 in Axes
  4224 | D:5      | Reached skill level 5 in Invocations
  4224 | D:5      | Gained mutation: You curl defensively after being hit.
                  | [Palentonga growth]
  4224 | D:5      | Reached XP level 7. HP: 26/55 MP: 10/10
  4905 | D:6      | Reached skill level 7 in Axes
  4995 | D:6      | Found a stormy altar of Qazlal.
  5007 | D:6      | Found a broken altar of Ashenzari.
  5100 | D:6      | Found Tengic's Magic Scroll Boutique.
  5324 | D:6      | Found a bloodstained altar of Trog.
  5563 | D:6      | Reached XP level 8. HP: 48/62 MP: 12/12
  5674 | D:6      | Reached skill level 8 in Axes
  5957 | D:7      | Reached **** piety under Lugonu
  5994 | D:7      | Reached skill level 9 in Axes
  6170 | D:7      | Identified the +2 pair of gloves of Moral Flaws {Regen+
                  | Str+3 Int-3 Slay+5}
  6223 | D:7      | Found a basalt altar of Yredelemnul.
  6319 | D:7      | Found a shimmering altar of Xom.
  6711 | D:8      | Noticed Prince Ribbit
  6712 | D:8      | Killed Prince Ribbit
  6713 | D:8      | Reached XP level 9. HP: 67/67 MP: 14/14
  6749 | D:7      | Reached skill level 10 in Axes
  6916 | D:8      | Found Jeazech's Weapon Shop.
  6991 | D:8      | Noticed Pikel
  7033 | D:7      | Killed Pikel
  7034 | D:7      | Reached skill level 11 in Axes
  7527 | D:9      | Noticed Harold
  7533 | D:9      | Killed Harold
  7534 | D:9      | Reached XP level 10. HP: 62/74 MP: 15/17
  7591 | D:9      | Noticed a two-headed ogre
  7598 | D:9      | Killed a two-headed ogre
  7599 | D:9      | Reached skill level 12 in Axes
  7718 | D:9      | Reached skill level 10 in Invocations
  8093 | D:9      | Noticed Erica
  8099 | D:9      | Killed Erica
  8100 | D:9      | Reached skill level 13 in Axes
  8297 | D:9      | Identified the +8 war axe of Dapisa Owye {vorpal, rF++
                  | rC+++}
  8437 | D:10     | Entered Level 10 of the Dungeon
  8775 | D:10     | Noticed an orc knight
  8839 | D:10     | Killed an orc knight
  8922 | D:10     | Reached ***** piety under Lugonu
  8923 | D:10     | Reached skill level 5 in Fighting
  8923 | D:10     | Reached XP level 11. HP: 84/84 MP: 18/18
  9264 | D:11     | Noticed Josephine
  9279 | D:11     | Killed Josephine
  9280 | D:11     | Reached skill level 14 in Axes
  9465 | D:11     | Found a staircase to the Orcish Mines.
  9563 | D:11     | Found a staircase to the Lair.
 10227 | D:12     | Found Xuschetoo's Antique Armour Shoppe.
 10233 | D:12     | Reached skill level 15 in Axes
 10256 | D:12     | Bought a runed helmet for 270 gold pieces
 10332 | D:12     | Noticed a red ugly thing
 10342 | D:12     | Killed a red ugly thing
 10368 | D:12     | Found a runed translucent gate.
 10368 | D:12     | Found a runed translucent gate.
 10368 | D:12     | Found a runed translucent gate.
 10369 | D:12     | Noticed a naga warrior
 10369 | D:12     | Noticed an orc knight
 10369 | D:12     | Noticed a deep elf archer
 10369 | D:12     | Noticed a tengu warrior
 10370 | D:12     | Noticed a merfolk impaler
 10371 | D:12     | Noticed a centaur warrior
 10371 | D:12     | Noticed a tengu warrior
 10371 | D:12     | Noticed Atlas's ghost (journeyman DsIE)
 10372 | D:12     | Noticed a tengu warrior
 10374 | D:12     | Found an iron altar of Okawaru.
 10377 | D:12     | You fall into a shaft and drop 3 floors!
 10377 | D:15     | Entered Level 15 of the Dungeon
 10387 | D:15     | Noticed a five-headed hydra
 10388 | D:15     | Noticed a catoblepas
 10391 | D:15     | Noticed a wizard
 10398 | D:15     | Noticed Nessos
 10399 | D:15     | HP: 2/89 [Nessos/arrow (14)]
 10399 | D:15     | Shot with an arrow by Nessos

Illustrated notes

Levels and vault maps discovered:
D:1:      ncdulo_halloftheorcs, layout_loops_corners,
          shapermc_ecumenical_altar_venn, minmay_tromino_i4
D:2:      minmay_alternating_diamond, layout_loops_cross
D:3:      layout_basic
D:4:      layout_loops_cross, kennysheep_mini, okawaru_trees_1, temple_statues
D:5:      layout_loops_ring, amcnicky_altar_gilded, minmay_holes,
          minmay_misc_feat_hallway, grunt_ministairs_6, nicolae_alphabet_shops
D:6:      layout_rooms, overflow_temple_1_default, lemuel_crystal_altar,
          trog_book, serial_shops, nicolae_shop_behind_doors, grunt_ministairs_4
D:7:      layout_rooms, yredelemnul_altar_generic, lemuel_round_altar,
          hangedman_abyss_or_decor_passed
D:8:      layout_basic, serial_shops, shop, mrwooster_statue_mirror,
          minmay_misc_feat_cross, uniq_prince_ribbit1, uniq_pikel
D:9:      layout_loops_corners, uniq_harold, uniq_erica
D:10:     layout_loops_ring, roderic_st_hans_cross
D:11:     layout_roguey [special_room_bee], lair_entry_dummy, orc_0_dummy,
          minmay_microvault, uniq_josephine
D:12:     layout_roguey, gammafunk_ghost_fury_of_okawaru, serial_shops, shop,
          sword_in_stone
D:15:     hangedman_depths_entry_try_elsewhere_first, layout_cave_pools,
          minmay_guarded_unrand_prune, uniq_jorgrun, uniq_nessos

Skill      XL: |  1  2  3  4  5  6  7  8  9 10 11 |
---------------+----------------------------------+-----
Axes           | 3 4 5 6 7 9 11 13 15 | 15.1
Invocations    | 3 4 5 6 7 9 10 | 10.0
Fighting       | 5 7 |  7.3
Armour         | |  1.5
Dodging        | |  0.7

Action                   |  1- 3 |  4- 6 |  7- 9 | 10-12 || total
-------------------------+-------+-------+-------+-------++-------
Melee: Hand axe          |   101 |       |       |       ||   101
       Tailslap          |     6 |    14 |    23 |    25 ||    68
       War axe           |     2 |   119 |   182 |   227 ||   530
Throw: Dart              |     5 |       |       |       ||     5
Invok: Banish            |       |       |       |     1 ||     1
 Abil: Rolling Charge    |    24 |    22 |    30 |    24 ||   100
Evoke: Wand              |       |       |     1 |     1 ||     2
  Use: Scroll            |       |     5 |     7 |     8 ||    20
       Potion            |       |       |     1 |     6 ||     7
 Stab: Paralysed         |       |       |     2 |       ||     2
Armor: Leather armour    |    28 |    43 |    86 |       ||   157
       Scale mail        |       |       |     2 |    69 ||    71
Dodge: Dodged            |    41 |    60 |    80 |    57 ||   238
Block: Other             |    11 |    25 |    49 |    30 ||   115
       Reflection        |       |       |     1 |     3 ||     4

Table legend: (Time is in decaauts)
 A = Elapsed time spent in this place.
 B = Non-inter-level travel time spent in this place.
 C = Inter-level travel time spent in this place.
 D = Time resting spent in this place.
 E = Time spent auto-exploring this place.
 F = Levels seen in this place.
 G = Mean time per level.
                   A        B        C        D        E       F      G
               +--------+--------+--------+--------+--------+-----+--------+
         Total |  10427 |   9880 |    547 |    568 |   7864 |  14 |  744.8 |
       Dungeon |  10423 |   9876 |    547 |    568 |   7863 |  13 |  801.8 |
         Abyss |      4 |      4 |      0 |      0 |      1 |   1 |    4.0 |
               +--------+--------+--------+--------+--------+-----+--------+

Top non-repeatable levels by time:
     D:5: 1232 daAuts
     D:4: 1096 daAuts
     D:1: 1087 daAuts
     D:7: 1022 daAuts
     D:6: 984 daAuts
     D:9: 981 daAuts
     D:3: 924 daAuts
    D:11: 870 daAuts
    D:10: 773 daAuts
     D:2: 598 daAuts
     D:8: 553 daAuts
    D:12: 277 daAuts
    D:15: 21 daAuts
 Abyss:1: 4 daAuts
